 Dungeon Crawl Stone Soup version 0.26-a0-639-g72c4674329 (webtiles) character file.

Game seed: 9976746453599393507

29 DogServant the Conjurer (level 3, -2/19 HPs)
             Began as a Gargoyle Conjurer on Sept 16, 2020.
             Slain by a worm (9 damage)
             ... on level 2 of the Dungeon.
             The game lasted 00:02:07 (1322 turns).

DogServant the Conjurer (Gargoyle Conjurer)         Turns: 1322, Time: 00:02:08

Health: -2/19      AC:  5    Str: 10    XL:     3   Next: 16%
Magic:  1/6        EV: 12    Int: 19    God:
Gold:   20         SH:  0    Dex:  8    Spells: 4/7 levels left

rFire    . . .     SeeInvis .   (no weapon)
rCold    . . .     Faith    .   (no shield)
rNeg     + . .     Spirit   .   a - +0 robe
rPois    ∞         Reflect  .   (no helmet)
rElec    +         Harm     .   (no cloak)
rCorr    .         Rampage  .   (no gloves)
MR       .....                  (no boots)
Stlth    ++........             (no amulet)
HPRegen  0.06/turn              (no ring)
MPRegen  0.10/turn              (no ring)

@: no status effects
A: negative energy resistance 1, electricity resistance, unbreathing,
petrification resistance, rot immunity, AC +3
a: no special abilities


You were on level 2 of the Dungeon.
You visited 1 branch of the dungeon, and saw 2 of its levels.

You collected 20 gold pieces.

Inventory:

Armour
 a - a +0 robe (worn)
 f - a +0 pair of gloves
Scrolls
 b - a scroll of amnesia {unknown}
 c - a scroll of identify {unknown}
 d - a scroll of immolation {unknown}
 g - a scroll of enchant armour {unknown}
Potions
 e - a potion of haste {unknown}
 h - a potion of flight {unknown}


   Skills:
 - Level 1.5 Dodging
 - Level 2.3 Stealth
 - Level 0.1 Unarmed Combat
 + Level 2.5 Spellcasting
 + Level 5.0 Conjurations


You had 4 spell levels left.
You knew the following spells:

 Your Spells              Type           Power        Failure   Level
a - Magic Dart            Conj           ###.         1%          1
b - Searing Ray           Conj           ###...       3%          2

Your spell library contained the following spells:

 Spells                   Type           Power        Failure   Level
 Dazzling Flash           Conj/Hex       ##....       17%         3
 Fulminant Prism          Conj/Hex       ##........   50%         4
 Iskenderun's Mystic Bla  Conj/Tloc      ##......     50%         4


Dungeon Overview and Level Annotations

Branches:
Dungeon (2/15)

Altars:


Innate Abilities, Weirdness & Mutations

You are resistant to torment.
Your stone body is resilient. (AC +3)
You are immune to poison.
You resist negative energy. (rN+)
You are resistant to electric shocks. (rElec)
You can survive without breathing.
You are immune to petrification.
You are immune to rotting.


Message History

The searing ray hits the worm!
The worm is heavily wounded. (Press . to maintain the ray.)
The searing ray hits the worm!
You kill the worm!
Your Conjurations skill increases to level 5!
You have reached level 3!
Your experience leads to an increase in your attributes!
Increase (S)trength, (I)ntelligence, or (D)exterity?
You feel clever.
The searing ray hits the worm.
The worm is heavily wounded.
The searing ray hits the worm!
The worm is almost dead.
The searing ray hits the worm.
The worm is almost dead.
The searing ray hits the worm.
You kill the worm!
The worm bites you!
You die...

#### #.. #.#
#############
##.###.........w.#
.w.......#######@#
##..##.#.# #.#
#......... ..#
#####.#w#.# ##.#
#.#.#.# #.. #.#..
. #.. ...##. # #..
... .. #...


You could see a worm.

Vanquished Creatures
  2 worms (D:2)
  4 giant cockroaches
  3 goblins (D:1)
  A hobgoblin (D:1)
  3 bats (D:1)
  3 frilled lizards
  3 kobolds
  5 rats (D:1)
24 creatures vanquished.

Notes
Turn   | Place    | Note
-------+----------+-------------------------------------------
     0 | D:1      | DogServant the Gargoyle Conjurer began the quest for the
                  | Orb.
     0 | D:1      | Reached XP level 1. HP: 10/10 MP: 3/3
   428 | D:1      | Reached XP level 2. HP: 15/15 MP: 1/5
   558 | D:1      | Learned a level 2 spell: Searing Ray
  1320 | D:2      | Reached skill level 5 in Conjurations
  1320 | D:2      | Reached XP level 3. HP: 7/19 MP: 2/6
  1322 | D:2      | Slain by a worm

Illustrated notes

Levels and vault maps discovered:
D:1:      wander_arrival_estate, layout_basic, minmay_misc_feat_enclosed
D:2:      layout_loops_ring, tso_metal_star

Skill      XL: |  1  2 |
---------------+-------+-----
Conjurations   | 5 |  5.0
Dodging        | |  1.5
Stealth        | |  2.3
Unarmed Combat | |  0.1
Spellcasting   | |  2.5

Action                   || total
-------------------------++-------
Melee: Unarmed           ||    36
 Cast: Magic Dart        ||    32
       Searing Ray       ||     2
  Use: Scroll            ||     2
Armor: Robe              ||     9
Dodge: Dodged            ||    23

Table legend: (Time is in decaauts)
 A = Elapsed time spent in this place.
 B = Non-inter-level travel time spent in this place.
 C = Inter-level travel time spent in this place.
 D = Time resting spent in this place.
 E = Time spent auto-exploring this place.
 F = Levels seen in this place.
 G = Mean time per level.
                   A        B        C        D        E       F      G
               +--------+--------+--------+--------+--------+-----+--------+
         Total |   1321 |   1304 |     17 |      0 |   1131 |   2 |  660.5 |
       Dungeon |   1321 |   1304 |     17 |      0 |   1131 |   2 |  660.5 |
               +--------+--------+--------+--------+--------+-----+--------+

Top non-repeatable levels by time:
     D:1: 1239 daAuts
     D:2: 82 daAuts
